 Dungeon Crawl Stone Soup version 0.28-a0-258-g8de209e91f (webtiles) character file.

Game seed: 14110421737742044356

631 bande the Shield-Bearer (level 7, -14/44 HPs)
             Began as a Gargoyle Fighter on Aug 26, 2021.
             Demolished by a two-headed ogre (19 damage)
             ... on level 5 of the Dungeon.
             The game lasted 00:06:42 (4676 turns).

bande the Shield-Bearer (Gargoyle Fighter)          Turns: 4676, Time: 00:06:43

Health: -14/44     AC: 14    Str: 21    XL:     7   Next: 48%
Magic:  7/7        EV:  8    Int:  8    God:
Gold:   278        SH:  9    Dex: 10    Spells: 6/6 levels left

rFire   . . .      SeeInvis .   k - +2 hand axe (drain)
rCold   . . .      Faith    .   c - +1 kite shield
rNeg    + . .      Spirit   .   b - +0 scale mail
rPois   ∞          Reflect  .   (no helmet)
rElec   +          Harm     .   j - +0 cloak
rCorr   .          Rampage  .   h - +0 pair of gloves
Will    .....                   (no boots)
Stlth   ..........              (no amulet)
HPRegen 0.14/turn               (no ring)
MPRegen 0.10/turn               (no ring)

@: no status effects
A: sickness immunity, AC +4, negative energy resistance 1, electricity
resistance, torment resistance 1, petrification resistance
a: no special abilities


You were on level 5 of the Dungeon.
You visited 1 branch of the dungeon, and saw 5 of its levels.

You collected 278 gold pieces.

Inventory:

Hand Weapons
 a - a +1 war axe
 g - a +0 morningstar
 k - a +2 hand axe of draining (weapon)
Armour
 b - a +0 scale mail (worn)
 c - a +1 kite shield (worn)
 h - a +0 pair of gloves (worn)
 j - a +0 cloak (worn)
Wands
 m - a wand of flame (17)
Scrolls
 l - a scroll of fog
Potions
 d - a potion of might
 e - 2 potions of magic
 f - a potion of flight
 i - 2 potions of brilliance
 n - a potion of lignification {unknown}


   Skills:
 + Level 4.8 Fighting
 + Level 4.7 Axes
 + Level 5.0 Armour
 - Level 0.7 Dodging
 + Level 5.0 Shields


You had 6 spell levels left.
You didn't know any spells.
Your spell library was empty.

Dungeon Overview and Level Annotations

Branches:
Dungeon (5/15)
 Temple: D:4-7

Altars:
Dithmenos

Annotations:
D:4 2 runed translucent doors, bande's ghost, novice GrFi


Innate Abilities, Weirdness & Mutations

You are immune to sickness and miasma.
Your stone body is resilient. (AC +4)
You are immune to poison.
You resist negative energy. (rN+)
You are resistant to electric shocks. (rElec)
You are resistant to unholy torment.
You are immune to petrification.


Message History

There is a stone staircase leading down here.
You climb downwards.
You hear the sound of rushing water.
There is an entrance to a sewer on this level.
Hurry and find it before the portal rusts away!
There is a stone staircase leading up here.
Okay, then.
A two-headed ogre comes into view.
It is wielding a +0 giant club and a +2 dire flail of draining.
Found 20 stones.
The two-headed ogre shouts in stereo!
You slash the two-headed ogre! You drain the two-headed ogre.
The two-headed ogre is lightly wounded.
An iguana comes into view.
The two-headed ogre completely misses you.
The two-headed ogre barely misses you.
The iguana hisses angrily.
You slash the two-headed ogre!
The two-headed ogre is moderately wounded.
The two-headed ogre hits you with a +0 giant club!!
The two-headed ogre hits you with a +2 dire flail of draining!
* * * LOW HITPOINT WARNING * * *
You hit the two-headed ogre. You drain the two-headed ogre.
The two-headed ogre is heavily wounded.
The two-headed ogre closely misses you. x2
You hit the two-headed ogre. You drain the two-headed ogre.
The two-headed ogre is heavily wounded.
You hit the two-headed ogre but do no damage.
You drain the two-headed ogre.
The two-headed ogre is severely wounded.
You block the two-headed ogre's attack.
The two-headed ogre hits you but does no damage.
You hit the two-headed ogre. You drain the two-headed ogre.
The two-headed ogre is severely wounded.
The two-headed ogre hits you with a +0 giant club!
* * * LOW HITPOINT WARNING * * *
You block the two-headed ogre's attack.
You slash the two-headed ogre!
The two-headed ogre is almost dead.
You hit the iguana. You drain the iguana.
The two-headed ogre hits you with a +0 giant club!!
You die...

##+# ##...#
##.....##
#.......##
....(....###
......O@.+<#
......l...##
#.......#.#
#......##...
..#...#
###... #
##+# #....
#... #.# .#


You could see a two-headed ogre (drained) and an iguana (drained).

Vanquished Creatures
  Duvessa (D:4)
  An ice beast (D:3)
  A black bear (D:4)
  A bullfrog (D:4)
  Dowan (D:4)
  Jessica (D:2)
  3 orc wizards
  A hound skeleton (D:4)
  3 adders
  An ufetubus (D:4)
  An adder skeleton (D:4)
  3 dart slugs
  16 orcs
  7 ball pythons
  8 endoplasms
  3 giant cockroaches
  4 goblins
  A hobgoblin (D:1)
  5 jackals (D:1)
  4 quokkas
  3 bats (D:1)
  A frilled lizard (D:3)
  8 rats
78 creatures vanquished.

Notes
Turn   | Place    | Note
-------+----------+-------------------------------------------
     0 | D:1      | bande the Gargoyle Fighter began the quest for the Orb.
     0 | D:1      | Reached XP level 1. HP: 14/14 MP: 1/1
    86 | D:1      | Reached XP level 2. HP: 19/19 MP: 2/2
   197 | D:1      | Found a faded altar of an unknown god.
   424 | D:1      | Reached XP level 3. HP: 23/24 MP: 3/3
  1193 | D:2      | Noticed Jessica
  1214 | D:2      | Killed Jessica
  1215 | D:2      | Reached XP level 4. HP: 15/29 MP: 4/4
  1756 | D:3      | Found a shadowy altar of Dithmenos.
  2126 | D:3      | Noticed an ice beast
  2141 | D:3      | Killed an ice beast
  2142 | D:3      | Reached XP level 5. HP: 34/34 MP: 5/5
  2879 | D:3      | Reached XP level 6. HP: 23/39 MP: 6/6
  3271 | D:4      | Noticed Duvessa
  3271 | D:4      | Noticed Dowan
  3282 | D:4      | Killed Dowan
  3296 | D:4      | Killed Duvessa
  3297 | D:4      | Reached XP level 7. HP: 14/44 MP: 7/7
  3874 | D:4      | Found a runed translucent door.
  3875 | D:4      | Noticed bande's ghost (novice GrFi)
  4334 | D:4      | Found a runed translucent door.
  4505 | D:4      | Reached skill level 5 in Armour
  4505 | D:4      | Reached skill level 5 in Shields
  4665 | D:5      | Entered Level 5 of the Dungeon
  4666 | D:5      | Noticed a two-headed ogre
  4676 | D:5      | Demolished by a two-headed ogre

Illustrated notes

Levels and vault maps discovered:
D:1:      dpeg_arrival_rooms_with_view, layout_rooms, basic_ecumenical_altar
D:2:      layout_basic, uniq_jessica
D:3:      layout_loops_ring, mainiacjoe_overflow_chevrons, nrook_uturn,
          minmay_surrounded
D:4:      layout_loops_ring, ebering_ghost_sewer_f, eino_curves_01,
          minmay_misc_feat_rugged, uniq_duvessa
D:5:      minmay_octagon_keep, layout_loops_corners, lemuel_round_altar,
          minmay_temple_entry_grid, portal_sewer_entry_d

Skill      XL: |  1  2  3  4  5  6  7 |
---------------+----------------------+-----
Axes           | 2 3 4 |  4.7
Shields        | 4 5 |  5.0
Fighting       | 4 |  4.8
Armour         | 4 5 |  5.0
Dodging        | |  0.7

Action                   |  1- 3 |  4- 6 |  7- 9 || total
-------------------------+-------+-------+-------++-------
Melee: War axe           |   103 |   112 |       ||   215
       Hand axe          |       |    28 |    56 ||    84
  Use: Scroll            |     4 |     1 |     4 ||     9
       Potion            |       |     3 |       ||     3
Armor: Scale mail        |    88 |    92 |    44 ||   224
Dodge: Dodged            |    43 |    44 |    18 ||   105
Block: Kite shield       |    62 |    76 |    25 ||   163

Table legend: (Time is in decaauts)
 A = Elapsed time spent in this place.
 B = Non-inter-level travel time spent in this place.
 C = Inter-level travel time spent in this place.
 D = Time resting spent in this place.
 E = Time spent auto-exploring this place.
 F = Levels seen in this place.
 G = Mean time per level.
                   A        B        C        D        E       F      G
               +--------+--------+--------+--------+--------+-----+--------+
         Total |   4842 |   4814 |     28 |   1242 |   2586 |   5 |  968.4 |
       Dungeon |   4842 |   4814 |     28 |   1242 |   2586 |   5 |  968.4 |
               +--------+--------+--------+--------+--------+-----+--------+

Top non-repeatable levels by time:
     D:4: 1600 daAuts
     D:3: 1526 daAuts
     D:2: 965 daAuts
     D:1: 738 daAuts
     D:5: 12 daAuts
